 Dungeon Crawl Stone Soup version 0.27-a0-40-g5f2be0e231 (webtiles) character file.

Game seed: 8443495712916917919

19658 Essalna the Destroyer (level 12, -1/76 HPs)
             Began as a Gargoyle Fire Elementalist on Jan 5, 2021.
             Was an Elder of Vehumet.
             Slain by a yak (12 damage)
             ... on level 10 of the Dungeon.
             The game lasted 00:42:39 (15529 turns).

Essalna the Destroyer (Gargoyle Fire Elementalist) Turns: 15529, Time: 00:42:40

Health: -1/76      AC: 23    Str:  9    XL:     12   Next: 71%
Magic:  6/32       EV: 15    Int: 20    God:    Vehumet [****..]
Gold:   1182       SH:  4    Dex: 10    Spells: 16/26 levels left

rFire    + . .     SeeInvis .   K - staff of fire
rCold    . . .     Faith    .   s - +0 buckler
rNeg     + . .     Spirit   .   E - +0 robe (curse)
rPois    ∞         Reflect  .   i - +1 helmet
rElec    +         Harm     .   T - scarf {repulsion}
rCorr    .         Rampage  .   Q - +2 pair of gloves
Will     .....                  V - +1 pair of boots
Stlth    +++.......             R - amulet of magic regeneration
HPRegen  0.22/turn              L - +4 ring of protection
MPRegen  0.48/turn              a - ring "Xuumeita" {rPois MP+9 Str-4 Stlth+}

@: repel missiles
A: negative energy resistance 1, electricity resistance, unbreathing,
petrification resistance, miasma immunity, AC +8
a: Renounce Religion


You were on level 10 of the Dungeon.
You worshipped Vehumet.
Vehumet was greatly pleased with you.
You visited 3 branches of the dungeon, and saw 14 of its levels.
You also visited: Ossuary.

You collected 1182 gold pieces.

Inventory:

Armour
 i - a +1 helmet (worn)
 s - a +0 buckler (worn)
 E - a cursed +0 robe (worn)
 P - the +1 cloak "Omydi" {Stlth+}
   (You found it on level 8 of the Dungeon)

   It makes you more stealthy.
 Q - a +2 pair of gloves (worn)
 T - a scarf of repulsion (worn)
 V - a +1 pair of boots (worn)
 Y - the +3 scale mail of Juazofodd {Harm rElec rF- Int+8, unknown}
   (You found it on level 8 of the Dungeon)

   It affects your intelligence (+8).
   It makes you vulnerable to fire.
   It insulates you from electricity.
   It increases damage dealt and taken.
Magical Staves
 J - an uncursed staff of air
 K - an uncursed staff of fire (weapon)
Jewellery
 a - the ring "Xuumeita" (right hand) {rPois MP+9 Str-4 Stlth+}
   (You found it on level 12 of the Dungeon)

   [ring of magical power]

   It affects your strength (-4).
   It protects you from poison.
   It affects your magic capacity (+9).
   It makes you more stealthy.
 b - an uncursed amulet of reflection {unknown}
 C - an uncursed amulet of regeneration
 L - a +4 ring of protection (left hand)
 R - an amulet of magic regeneration (around neck)
 S - an uncursed ring of ice
Wands
 g - a wand of random effects (19)
 M - a wand of digging (2)
 O - a wand of acid (3)
Scrolls
 c - a scroll of blinking
 e - 15 scrolls of identify
 f - 2 scrolls of fog {unknown}
 l - a scroll of noise {unknown}
 o - 3 scrolls of amnesia {unknown}
 q - 3 scrolls of random uselessness {unknown}
 v - 6 scrolls of remove curse {unknown}
 x - 5 scrolls of magic mapping {unknown}
 y - a scroll of immolation {unknown}
 A - 5 scrolls of teleportation
 F - a scroll of fear {unknown}
 H - a scroll of vulnerability {unknown}
 N - 2 scrolls of holy word {unknown}
 W - 3 scrolls of enchant weapon {unknown}
 X - a scroll of brand weapon {unknown}
Potions
 d - a potion of flight {unknown}
 h - 9 potions of curing
 j - 6 potions of might {unknown}
 k - 4 potions of cancellation {unknown}
 m - 7 potions of lignification {unknown}
 n - a potion of magic {unknown}
 p - 4 potions of heal wounds {unknown}
 r - 6 potions of degeneration {unknown}
 t - 2 potions of attraction {unknown}
 u - 2 potions of mutation {unknown}
 G - 6 potions of haste {unknown}
Miscellaneous
 I - a lightning rod (4/4)


   Skills:
 + Level 9.1 Fighting
 + Level 9.0 Armour
 + Level 7.2 Dodging
 - Level 2.1 Stealth
 - Level 4.0 Shields
 + Level 7.9 Spellcasting
 + Level 9.2 Conjurations
 + Level 9.1 Fire Magic


You had 16 spell levels left.
You knew the following spells:

 Your Spells              Type           Power        Failure   Level
a - Foxfire               Conj/Fire      100%         1%          1
b - Sticky Flame          Conj/Fire      61%          1%          4
c - Fireball              Conj/Fire      30%          1%          5

Your spell library contained the following spells:

 Spells                   Type           Power        Failure   Level
 Ignite Poison            Fire/Tmut/Pois 30%          2%          3
 Conjure Flame            Conj/Fire      61%          1%          3
 Inner Flame              Hex/Fire       39%          1%          3
 Beastly Appendage        Tmut           14%          9%          1
 Wereblood                Tmut           7%           13%         2
 Spider Form              Tmut/Pois      3%           26%         3
 Ice Form                 Ice/Tmut       7%           65%         4
 Blade Hands              Tmut           3%           94%         5


Dungeon Overview and Level Annotations

Branches:
Dungeon (12/15)            Temple (1/1) D:6            Lair (1/6) D:10
    Orc (0/2) D:9         Ossuary (visited)

Altars:
Ashenzari
Cheibriados
Dithmenos
Elyvilon
Fedhas
Gozag
Hepliaklqana
Kikubaaqudgha
Makhleb
Nemelex Xobeh
Okawaru
Qazlal
Ru
Sif Muna
Trog
Uskayaw
Vehumet
Wu Jian
Xom
Yredelemnul
Zin
The Shining One

Shops:
D:9 (

Portals:
Trove: D:12 (give +4 storm dragon scales)


Innate Abilities, Weirdness & Mutations

You are resistant to torment.
Your stone body is resilient. (AC +8)
You are immune to poison.
You resist negative energy. (rN+)
You are resistant to electric shocks. (rElec)
You can survive without breathing.
You are immune to petrification.
You are immune to miasma.


Message History

You feel a surge of power!
The sticky flame hits the yak!
The yak is heavily wounded.
The yak is covered in liquid flames!
The yak burns!
The yak gores you! The komodo dragon bites you!!
You hit the yak but do no damage. You burn the yak.
The yak is severely wounded.
The yak burns!
The yak misses you. The komodo dragon bites you!
The yak burns!
You kill the yak!
Vehumet accepts your kill.
Casting: Sticky Flame (mildly dangerous; 1% risk of failure)
Confirm with . or Enter, or press ? or * to list all spells.
Okay, then.
There is a staircase back to the Dungeon here.
The yak gores you but does no damage. The komodo dragon bites you!!
* * * LOW HITPOINT WARNING * * *
You climb upwards.
Welcome back to the Dungeon!
There is a staircase to the Lair here.
The yak gores you!
You die...

.....########(######.......######
####.......................#
#.....≈.......≈.≈..≈≈...#
#......≈≈..≈≈.≈≈≈..≈....#
#....≈≈≈≈≈≈≈≈≈≈≈≈≈≈≈....#
##..≈≈≈≈≈≈≈≈≈≈.≈≈≈≈≈....#
#.....≈≈≈≈...≈..≈≈≈....#
#...≈≈≈≈≈.≈≈..l≈≈≈.≈≈≈.#
#...........@>..≈≈≈≈...#
#..≈≈≈≈≈≈≈...Y.≈≈≈≈....## #
#####..≈≈≈≈≈≈≈≈≈≈.≈.≈≈≈≈....# #
...##...≈≈≈≈≈≈≈≈≈≈≈≈≈≈≈≈≈...#####
##.##...≈≈≈.≈≈≈≈≈≈≈≈≈≈≈≈.........
#.##..≈.≈..≈≈≈≈≈≈≈≈≈≈.≈...######
#.##..≈.≈.≈..≈≈≈≈≈≈≈.≈..≈.# #
#.............≈≈≈≈≈≈≈.....# #
#.#...####...#######......#


You could see a komodo dragon and a yak.

Vanquished Creatures
  Kirke (D:12)
  Harold (D:8)
  A hydra (D:7)
  A boulder beetle (D:12)
  2 two-headed ogres (D:9)
  2 skeletal warriors (D:11)
  3 unseen horrors
  An ugly thing (D:11)
  5 cyclopes
  4 trolls
  A hornet (D:10)
  A wraith (D:7)
  2 hogs (D:12)
  12 yaks
  A steam dragon (D:8)
  2 soldier ants
  3 water moccasins
  3 sky beasts
  4 orc warriors
  4 phantoms
  4 ice beasts
  6 ogres
  A necrophage (D:8)
  2 wolves (D:10)
  6 centaurs
  2 gnoll sergeants
  7 bullfrogs
  2 water moccasin zombies (Ossuary)
  A water moccasin skeleton (D:8)
  14 wights
  4 electric eels (D:10)
  5 howler monkeys
  A quasit (D:10)
  A bullfrog zombie (D:7)
  7 hounds
  3 jellies
  A centaur skeleton (D:11)
  6 orc wizards
  4 bullfrog skeletons
  2 gnoll shamans (D:5)
  3 orc priests
  4 iguanas
  8 worker ants
  2 killer bee zombies
  A big kobold zombie (Ossuary)
  A hound zombie (D:7)
  A hound skeleton (D:6)
  3 mummies
  2 worker ant zombies
  26 gnolls
  12 adders
  A shadow imp (D:6)
  2 white imps
  2 ufetubi
  2 adder skeletons
  8 adder zombies (Ossuary)
  A worm (D:3)
  2 dart slugs
  8 leopard geckos
  22 orcs
  2 ball pythons (D:1)
  8 giant cockroaches
  2 gnoll zombies (Ossuary)
  9 goblins
  4 hobgoblins
  14 jackals
  3 quokkas
  4 bats
  5 frilled lizards
  7 hobgoblin zombies (Ossuary)
  6 kobolds
  2 kobold zombies (Ossuary)
  A leopard gecko skeleton (D:5)
  A leopard gecko zombie (D:6)
  6 orc zombies (Ossuary)
  2 quokka skeletons
  7 rats
327 creatures vanquished.

Vanquished Creatures (others)
  A quokka (D:5)
  943 foxfires
  A fungus (Lair:1)
945 creatures vanquished.

Grand Total: 1272 creatures vanquished

Notes
Turn   | Place    | Note
-------+----------+-------------------------------------------
     0 | D:1      | Essalna the Gargoyle Fire Elementalist began the quest for
                  | the Orb.
     0 | D:1      | Reached XP level 1. HP: 10/10 MP: 3/3
   222 | D:1      | Reached XP level 2. HP: 15/15 MP: 5/5
   970 | D:2      | Reached XP level 3. HP: 19/19 MP: 6/6
  1344 | D:2      | Reached skill level 1 in Fighting
  1344 | D:2      | Reached skill level 1 in Armour
  1344 | D:2      | Reached XP level 4. HP: 25/25 MP: 7/7
  2291 | D:3      | Reached XP level 5. HP: 14/29 MP: 1/9
  3228 | D:4      | Reached skill level 1 in Shields
  3599 | D:4      | Reached XP level 6. HP: 35/35 MP: 10/10
  3685 | D:4      | Noticed a phantom
  3720 | D:4      | Killed a phantom
  4552 | D:5      | Entered Level 5 of the Dungeon
  4560 | D:5      | Found a shadowy altar of Dithmenos.
  4561 | D:5      | Noticed an ice beast
  4568 | D:5      | Killed an ice beast
  4569 | D:5      | Reached XP level 7. HP: 40/40 MP: 3/11
  4868 | D:5      | Found a white marble altar of Elyvilon.
  6001 | D:6      | Reached XP level 8. HP: 46/46 MP: 1/13
  6736 | D:6      | Found a staircase to the Ecumenical Temple.
  6757 | Temple   | Entered the Ecumenical Temple
  6927 | Temple   | Became a worshipper of Vehumet
  7100 | D:5      | Reached skill level 5 in Fire Magic
  7565 | D:7      | Reached XP level 9. HP: 27/52 MP: 4/15
  7809 | D:7      | Found a blossoming altar of Fedhas.
  7810 | D:7      | Found an ornate altar of the Wu Jian Council.
  8010 | D:7      | Reached * piety under Vehumet
  8010 | D:7      | Offered knowledge of Magic Dart by Vehumet.
  8011 | D:7      | Reached skill level 5 in Conjurations
  8208 | D:7      | Noticed a five-headed hydra
  8524 | D:7      | Reached skill level 5 in Fighting
  8590 | D:8      | Found a sand-covered staircase.
  8608 | Ossuary  | Entered an ossuary
  8614 | Ossuary  | Learned a level 4 spell: Sticky Flame
  8942 | Ossuary  | Reached ** piety under Vehumet
  8942 | Ossuary  | Offered knowledge of Shock by Vehumet.
  9006 | Ossuary  | Reached skill level 5 in Armour
  9508 | D:8      | Reached skill level 5 in Spellcasting
  9787 | D:7      | Killed a five-headed hydra
  9788 | D:7      | Reached XP level 10. HP: 31/60 MP: 6/18
 10471 | D:8      | Reached skill level 5 in Dodging
 10632 | D:8      | Got an ancient cloak
 10643 | D:8      | Identified the +1 cloak "Omydi" {Stlth+} (You found it on
                  | level 8 of the Dungeon)
 10665 | D:9      | Noticed a two-headed ogre
 10675 | D:9      | Killed a two-headed ogre
 10816 | D:9      | Found Iptug's Armour Shop.
 10816 | D:9      | Found a staircase to the Orcish Mines.
 10817 | D:9      | Found Kiyza's Weapon Shop.
 10980 | D:9      | Noticed a two-headed ogre
 11008 | D:9      | Killed a two-headed ogre
 11092 | D:9      | Offered knowledge of Mephitic Cloud by Vehumet.
 11147 | D:9      | Found a bloodstained altar of Trog.
 11541 | D:9      | Reached *** piety under Vehumet
 11985 | D:8      | Got a jewelled scale mail
 12170 | D:8      | Learned a level 5 spell: Fireball
 12242 | D:8      | Noticed Harold
 12260 | D:8      | Killed Harold
 12261 | D:8      | Reached XP level 11. HP: 64/67 MP: 6/20
 12600 | D:8      | Found an opulent altar of Gozag.
 12745 | D:10     | Entered Level 10 of the Dungeon
 12817 | D:10     | Offered knowledge of Stone Arrow by Vehumet.
 13004 | D:10     | Found a staircase to the Lair.
 13065 | D:10     | Noticed an unseen horror
 13069 | D:10     | Killed an unseen horror
 13406 | D:11     | Noticed a cyclops
 13422 | D:11     | Killed a cyclops
 13461 | D:11     | Noticed a white ugly thing
 13463 | D:11     | Killed an unseen horror
 13591 | D:12     | Found a portal to a secret trove of treasure.
 13609 | D:12     | Noticed a cyclops
 13623 | D:12     | Killed a cyclops
 13673 | D:12     | Noticed a cyclops
 13685 | D:12     | Killed a cyclops
 13864 | D:12     | Noticed Kirke
 13893 | D:12     | Killed Kirke
 13893 | D:12     | Reached **** piety under Vehumet
 13894 | D:12     | Reached XP level 12. HP: 75/75 MP: 14/22
 13959 | D:12     | Got a pitted tin ring
 13961 | D:12     | Identified the ring "Xuumeita" {rPois MP+9 Str-4 Stlth+}
                  | (You found it on level 12 of the Dungeon)
 14083 | D:12     | Noticed a boulder beetle
 14087 | D:12     | Offered knowledge of Ignite Poison by Vehumet.
 14097 | D:12     | HP: 3/75 [boulder beetle (46)]
 14111 | D:12     | Killed a boulder beetle
 14309 | D:12     | Noticed a death knight
 15472 | Lair:1   | Entered Level 1 of the Lair of Beasts
 15529 | D:10     | Slain by a yak

Illustrated notes

Levels and vault maps discovered:
D:1:      kilobyte_arrival_exit_the_forest, layout_loops_ring
D:2:      kb_forest_paths, layout_basic, kennysheep_cross_bottleneck
D:3:      layout_loops_cross
D:4:      layout_loops_corners
D:5:      layout_basic, elyvilon_altar_4, nicolae_dithmenos_the_darkroom,
          hangedman_decor_push, grunt_ministairs_3
D:6:      layout_basic, minmay_temple_entry_poolview
D:7:      minmay_the_grid_four_pointed_star
          [minmay_the_grid_triangle_9x9_sparse_checkered,
          minmay_the_grid_triangle_9x9_corruption,
          minmay_the_grid_triangle_9x9_limited_checkers,
          minmay_the_grid_triangle_9x9_longest, minmay_the_grid_prize_big_room],
          layout_cave_pools, gammafunk_temple_overflow_statue
D:8:      cheibrodos_elevator_heist, layout_basic,
          nicolae_gozag_cash_rules_everything_around_me,
          gup_ossuary_entry_pyramid, minmay_misc_feat_square, uniq_harold
D:9:      layout_roguey, bloody_trog, orc_david_3
D:10:     layout_loops_corners, erik_lair_island, minivault_8
D:11:     layout_rooms
D:12:     layout_rooms, gammafunk_ghost_berserking_beasts, enter_trove_1,
          hangedman_little_slice_of_home, uniq_kirke
Temple:   minmay_temple_bridge_d
Lair:1:   layout_concentric_octagons, chequers_serial_rivers_room_a,
          hangedman_lair_generics_rect, serial_bayou_shore_b, grunt_megastairs_3

Skill      XL: |  1  2  3  4  5  6  7  8  9 10 11 12 |
---------------+-------------------------------------+-----
Conjurations   | 2 3 4 6 7 8 9 |  9.2
Fighting       | 1 2 3 4 5 7 8 9 |  9.1
Armour         | 1 2 3 4 5 7 8 9 |  9.0
Dodging        | 2 3 4 5 6 7 |  7.2
Shields        | 1 2 3 4 |  4.0
Spellcasting   | 3 4 5 6 7 |  7.9
Fire Magic     | 4 5 6 7 8 9 |  9.1
Stealth        | |  2.1

Action                   |  1- 3 |  4- 6 |  7- 9 | 10-12 || total
-------------------------+-------+-------+-------+-------++-------
Melee: Dagger            |   100 |   191 |   671 |       ||   962
       Staff             |       |       |     5 |   228 ||   233
       Unarmed           |       |       |       |     5 ||     5
 Cast: Foxfire           |     7 |    57 |   209 |   303 ||   576
       Sticky Flame      |       |       |     4 |    60 ||    64
       Fireball          |       |       |       |    45 ||    45
  Use: Scroll            |       |     3 |       |     4 ||     7
       Potion            |       |     1 |       |     1 ||     2
 Stab: Sleeping          |     1 |     2 |     1 |     1 ||     5
       Distracted        |       |       |       |     1 ||     1
Armor: Robe              |     2 |       |   236 |   175 ||   413
       Ring mail         |    33 |   106 |    65 |       ||   204
Dodge: Dodged            |    62 |   100 |   395 |   258 ||   815
       Repelled          |       |       |       |     1 ||     1
Block: Buckler           |       |    23 |   132 |    61 ||   216

Table legend: (Time is in decaauts)
 A = Elapsed time spent in this place.
 B = Non-inter-level travel time spent in this place.
 C = Inter-level travel time spent in this place.
 D = Time resting spent in this place.
 E = Time spent auto-exploring this place.
 F = Levels seen in this place.
 G = Mean time per level.
                   A        B        C        D        E       F      G
               +--------+--------+--------+--------+--------+-----+--------+
         Total |  15653 |  14972 |    681 |    262 |  11266 |  15 | 1043.5 |
       Dungeon |  14750 |  14240 |    510 |    262 |  10971 |  12 | 1229.2 |
        Temple |    240 |     69 |    171 |      0 |     67 |   1 |  240.0 |
          Lair |     56 |     56 |      0 |      0 |     20 |   1 |   56.0 |
       Ossuary |    606 |    606 |      0 |      0 |    208 |   1 |  606.0 |
               +--------+--------+--------+--------+--------+-----+--------+

Top non-repeatable levels by time:
     D:8: 1795 daAuts
     D:7: 1761 daAuts
     D:5: 1615 daAuts
     D:4: 1373 daAuts
     D:3: 1203 daAuts
     D:6: 1124 daAuts
     D:2: 1121 daAuts
    D:10: 1121 daAuts
     D:9: 1094 daAuts
    D:12: 912 daAuts
     D:1: 877 daAuts
    D:11: 748 daAuts
 Ossuary: 606 daAuts
  Temple: 240 daAuts
  Lair:1: 56 daAuts
